 Dungeon Crawl Stone Soup version 0.30.1-11-g7821555f0a (webtiles) character file.

Game seed: 7574027294058247974

449 Okkudo the Cleaver (level 7, -3/58 HPs)
             Began as a Hill Orc Monk on Dec 1, 2023.
             Slain by a scorpion (6 damage)
             ... on level 5 of the Dungeon.
             The game lasted 00:09:25 (3113 turns).

Okkudo the Cleaver (Hill Orc Monk)                  Turns: 3113, Time: 00:09:26

Health: -3/58      AC:  6    Str: 16    XL:     7   Next: 4%
Magic:  7/7        EV: 15    Int: 10    God:
Gold:   161        SH:  0    Dex: 13    Spells: 6/6 levels left

rFire   . . .        a - +0 hand axe
rCold   . . .        d - orb {light}
rNeg    . . .        r - +0 scale mail
rPois   .            (no helmet)
rElec   .            (no cloak)
rCorr   .            (no gloves)
SInv    .            (no boots)
Will    .....        (no amulet) Stlth
                     e - +4 ring of protection
HPRegen 0.29/turn    l - +5 ring of evasion
MPRegen 0.10/turn

%: no passive effects
@: corroded, glowing
A: no striking features
a: no special abilities


You were on level 5 of the Dungeon.
You visited 1 branch of the dungeon, and saw 5 of its levels.

You collected 161 gold pieces.

Inventory:

Hand Weapons
 a - a +0 hand axe (weapon)
Missiles
 n - a throwing net
 q - 3 poisoned darts (quivered)
Armour
 d - an orb of light (worn)
 r - a +0 scale mail (worn)
Jewellery
 e - a +4 ring of protection (left hand)
 j - a +4 ring of protection
 l - a +5 ring of evasion (right hand)
Scrolls
 g - 3 scrolls of enchant armour {unknown}
 h - a scroll of identify {unknown}
 k - 5 scrolls of teleportation {unknown}
 m - a scroll of noise {unknown}
 o - a scroll of enchant weapon {unknown}
 s - a scroll of magic mapping {unknown}
 t - a scroll of torment {unknown}
Potions
 b - a potion of degeneration {unknown}
 c - a potion of ambrosia
 f - 2 potions of mutation {unknown}
 i - 3 potions of curing {unknown}
 p - a potion of heal wounds {unknown}


   Skills:
 - Level 3.7 Fighting
 + Level 8.9 Axes
 + Level 3.4 Armour
 - Level 2.5 Dodging


You had 6 spell levels left.
You didn't know any spells.
Your spell library contained the following spells:

 Spells                   Type           Power      Damage    Failure   Level
 Magic Dart               Conj           0%         1d3       78%         1
 Call Imp                 Summ           0%         N/A       89%         2
 Searing Ray              Conj           0%         2d4       89%         2
 Mephitic Cloud           Conj/Pois/Air  0%         N/A       98%         3
 Vhi's Electric Charge    Tloc/Air       0%         N/A       98%         3
 Fulminant Prism          Conj/Hex       0%         3d5       100%        4
 Arcjolt                  Conj/Air       0%         1d10      100%        5
 Maxwell's Capacitive Co  Air            0%         ∞         100%        8


Dungeon Overview and Level Annotations

Branches:
Dungeon (5/15)
 Temple: D:4-7

Altars:

Shops:
D:1 *!([:

Annotations:
D:5 Dowan, Duvessa


Message History

There is a stone staircase leading down here.
You feel sick.
You are no longer poisoned.
The scorpion barely misses you.
The phantom hits you but does no damage.
You climb downwards.
Level annotation: Dowan, Duvessa
There is a stone staircase leading up here.
The phantom attacks as you move away! The phantom misses you.
You are no longer corroded.
The jelly closely misses you. The scorpion attacks as you move away!
The scorpion stings you.
* * * LOW HITPOINT WARNING * * *
The phantom attacks as you move away! The phantom misses you.
The scorpion attacks as you move away!
The scorpion stings you but does no damage. x2
The jelly attacks as you move away! The jelly hits you but does no damage.
The scorpion attacks as you move away! The scorpion closely misses you.
There is a stone staircase leading up here.
The scorpion stings you but does no damage.
The jelly hits you but does no damage.
You climb upwards.
There is a stone staircase leading down here.
The scorpion stings you but does no damage.
There is a stone staircase leading down here.
The jelly hits you but does no damage. The scorpion stings you.
* * * LOW HITPOINT WARNING * * *
You climb downwards.
Level annotation: Dowan, Duvessa
There is a stone staircase leading up here.
The jelly jiggles.
The jelly closely misses you. The scorpion attacks as you move away!
The scorpion stings you.
* * * LOW HITPOINT WARNING * * *
You completely miss the phantom.
The phantom is lightly damaged.
You hit the jelly. The acid corrodes you!
Your hands burn!
* * * LOW HITPOINT WARNING * * *
You hit the scorpion. The scorpion stings you.
You die...

.. ......#?.# #. ...
....# #. #.##.#$.# # #
#.###.......##.#⌠.
##.##.!..<.........#..
.....................
#.>.#.......#.####.#
...........W.......#
...........@.###.###
..........Js.#.....#
#..(#........#.$?..#.8
#######....<...![[....8
##.....#..)..#.8.
#.###.#.....# .. ....
#.###.### ..#.. #.. ...
. #. #### #..#


You could see a phantom, a scorpion and a jelly.

Vanquished Creatures
  A black bear (D:3)
  A phantom (D:4)
  2 scorpions (D:4)
  A hound (D:4)
  6 adders
  2 worms (D:2)
  9 endoplasms
  3 giant cockroaches
  8 goblins
  10 hobgoblins
  7 jackals
  6 quokkas
  8 ball pythons
  6 bats
  4 frilled lizards
  6 kobolds
  4 rats
84 creatures vanquished.

Notes
Turn   | Place    | Note
-------+----------+-------------------------------------------
     0 | D:1      | Okkudo the Hill Orc Monk began the quest for the Orb.
     0 | D:1      | Reached XP level 1. HP: 19/19 MP: 1/1
    62 | D:1      | Found Voonky's Armour Shoppe.
    65 | D:1      | Found Syuvaath's Book Shop.
   201 | D:1      | Found Ivaeh's Distillery.
   248 | D:1      | Reached XP level 2. HP: 27/27 MP: 2/2
   318 | D:1      | Reached skill level 5 in Axes
   351 | D:1      | Reached XP level 3. HP: 28/33 MP: 3/3
   358 | D:1      | Found Raxipsag's Assorted Antiques.
   561 | D:1      | Noticed a +0 quick blade
   566 | D:1      | Found Peoso's Weapon Boutique.
   568 | D:1      | Noticed a +0 giant spiked club
   852 | D:2      | Reached skill level 6 in Axes
   852 | D:2      | Reached XP level 4. HP: 17/40 MP: 4/4
  1542 | D:3      | Reached skill level 1 in Armour
  1765 | D:3      | Reached XP level 5. HP: 45/46 MP: 5/5
  1842 | D:3      | Reached skill level 7 in Axes
  1992 | D:4      | Noticed a black bear
  2025 | D:3      | Killed a black bear
  2026 | D:3      | Reached skill level 8 in Axes
  2026 | D:3      | Reached XP level 6. HP: 29/52 MP: 6/6
  2295 | D:4      | Reached XP level 7. HP: 47/58 MP: 7/7
  2915 | D:5      | Entered Level 5 of the Dungeon
  2938 | D:5      | Noticed Duvessa
  2938 | D:5      | Noticed Dowan
  3113 | D:5      | Slain by a scorpion

Illustrated notes

Levels and vault maps discovered:
D:1:      amcnicky_arrival_choice, layout_loops_ring, serial_shops, shop,
          nicolae_shop_rolling_square, nicolae_shop_overgrown_old_shop,
          nicolae_shop_mannequins, shop, st_stairs_12,
          chequers_serial_rivers_micro_d
D:2:      layout_rooms
D:3:      layout_rooms, serial_glass, glass_columns_a, glass_columns_a,
          minmay_misc_feat_chi
D:4:      layout_cave_pods
D:5:      layout_loops_cross, minmay_temple_entry_drinking_statues,
          minmay_chambers_of_fives, uniq_prince_ribbit1, uniq_eustachio,
          uniq_duvessa

Skill      XL: |  1  2  3  4  5  6 |
---------------+-------------------+-----
Axes           | 5 6 8 |  8.9
Armour         | 1 2 3 |  3.4
Fighting       | |  3.7
Dodging        | |  2.5

Action                     |  1- 3 |  4- 6 |  7- 9 || total
---------------------------+-------+-------+-------++-------
  Melee: Hand axe          |    93 |   158 |    25 ||   276
         Unarmed           |       |       |     3 ||     3
 Armour: Robe              |    22 |       |       ||    22
         Ring mail         |    14 |    19 |       ||    33
         Scale mail        |       |    20 |    12 ||    32
  Dodge: Dodged            |    60 |   121 |    31 ||   212
